AoeStats
← Danatis

Arabia

505698954Analyzed
1v1 RM · 23d ago on Sep 10, 2026· 46m 59s· 2 players
Game mode
Random Map
Map size
Tiny (2 player)
Population
200
Speed
Normal
Resources
Standard
Victory
Conquest
Starting age
Dark Age
Ending age
Imperial Age
RankedLock teamsTeams togetherTeam positionsShared explorationLock speedFull tech treeHidden civsTurbo modeCheats
Victory
Defeat
🇦🇷 Ethiopians · Argentina
1809
+15
🇹🇼 Tatars · Taiwan
1781
-15
Danatis
6:09 Loom
8:57 Feudal Age
10:40 Double-Bit Axe
14:46 Fletching
21:02 Castle Age
19:13 Horse Collar
19:52 Gold Mining
21:08 Padded Archer Armor
22:03 Wheelbarrow
21:16 Crossbowman
21:52 Bodkin Arrow
23:08 Leather Archer Armor
23:55 Ballistics
24:46 Bow Saw
26:38 Gold Mining
29:00 Bloodlines
36:14 Imperial Age
38:29 Bracer
38:40 Elite Skirmisher
40:24 Ring Archer Armor
40:57 Chemistry
42:56 Ring Archer Armor
45:10 Scale Barding Armor
46:19 Husbandry
ElsterAur
8:04 Loom
10:13 Feudal Age
10:23 Man-at-Arms
11:28 Double-Bit Axe
11:25 Horse Collar
12:24 Town Watch
17:19 Fletching
22:27 Castle Age
22:30 Crossbowman
23:29 Bodkin Arrow
24:23 Ballistics
26:14 Bow Saw
27:33 Thumb Ring
30:50 Padded Archer Armor
34:44 Heavy Plow
34:58 Elite Skirmisher
36:20 Leather Archer Armor
39:57 Imperial Age
40:42 Bracer
41:13 Ring Archer Armor
41:52 Chemistry
40:38 Arbalester
Connection lost

Rejoining the realm…

Still unreachable

The connection could not be restored.

Session expired

The server has moved on; the page needs a fresh start.